 Dungeon Crawl Stone Soup version 0.32-a0-22-g6ae6769602 (webtiles) character file.

Game seed: 5849470517406988396

361 porpoise the Shooter (level 6, -4/48 HPs)
             Began as a Human Hunter on Jan 19, 2024.
             Succumbed to a scorpion's poison
             ... on level 4 of the Dungeon.
             The game lasted 00:09:22 (3059 turns).

porpoise the Shooter (Human Hunter)                 Turns: 3059, Time: 00:09:22

Health: -4/48      AC:  5    Str: 11    XL:     6   Next: 66%
Magic:  6/6        EV: 12    Int:  9    God:
Gold:   175        SH:  0    Dex: 19    Spells: 5/5 levels left

rFire   + . .        a - +0 shortbow
rCold   . . .        (shield currently unavailable)
rNeg    . . .        c - +0 leather armour
rPois   .            x - +0 helmet
rElec   .            (no cloak)
rCorr   .            t - +0 pair of gloves
SInv    .            (no boots)
Will    +....        (no amulet)
Stlth   ++           r - ring of willpower
HPRegen 0.28/turn    v - ring of protection from fire
MPRegen 0.10/turn

%: no passive effects
@: lethally poisoned (-4 -> -37)
A: explore regen
a: no special abilities


You were on level 4 of the Dungeon.
You visited 1 branch of the dungeon, and saw 4 of its levels.

You collected 175 gold pieces.

Inventory:

Hand Weapons
 a - a +0 shortbow (weapon)
 u - a +3 whip of electrocution
Missiles
 e - 6 javelins
 h - 2 silver javelins
 w - a throwing net
Armour
 c - a +0 leather armour (worn)
 t - a +0 pair of gloves (worn)
 x - a +0 helmet (worn)
Jewellery
 j - an amulet of magic regeneration
 r - a ring of willpower (left hand)
 v - a ring of protection from fire (right hand)
Wands
 s - a wand of flame (14)
Scrolls
 b - a scroll of butterflies
 f - a scroll of silence
 i - a scroll of enchant armour {unknown}
 l - a scroll of brand weapon {unknown}
 n - a scroll of poison {unknown}
 o - 2 scrolls of teleportation
 y - a scroll of blinking {unknown}
 z - a scroll of noise {unknown}
Potions
 d - 3 potions of brilliance
 g - a potion of lignification {unknown}
 k - a potion of degeneration {unknown}
 m - a potion of might {unknown}
 p - a potion of curing {unknown}
 q - a potion of enlightenment
 A - a potion of cancellation {unknown}


   Skills:
 + Level 4.2 Fighting
 * Level 6.7 Ranged Weapons
 - Level 2.0 Dodging
 - Level 1.0 Stealth


You had 5 spell levels left.
You didn't know any spells.
Your spell library was empty.

Dungeon Overview and Level Annotations

Branches:
Dungeon (4/15)
 Temple: D:4-7

Altars:


Innate Abilities, Weirdness & Mutations

You regain HP and MP as you explore.


Message History

The scorpion is heavily wounded.
You shoot an arrow. The arrow barely misses the scorpion.
You shoot an arrow. The arrow hits the scorpion.
The scorpion is heavily wounded.
The scorpion stings you.
You are poisoned.
The scorpion poisons you!
You shoot an arrow.
The arrow completely misses the scorpion.
You feel very sick. The scorpion stings you!
You are more poisoned.
The scorpion poisons you!
You shoot an arrow. The arrow hits the scorpion.
The scorpion is almost dead.
You feel very sick. The scorpion barely misses you.
The scorpion stings you but does no damage.
You shoot an arrow. The arrow barely misses the scorpion.
You feel very sick. The scorpion stings you.
You are lethally poisoned!
The scorpion poisons you!
You are too injured to fight recklessly!
You are too injured to fight recklessly!
You shoot an arrow. The arrow barely misses the scorpion.
You feel very sick. The scorpion misses you.
You shoot an arrow. The arrow closely misses the scorpion.
* * * LOW HITPOINT WARNING * * *
You feel very sick. The scorpion stings you.
* * * LOW HITPOINT WARNING * * *
You are more poisoned.
The scorpion poisons you! The scorpion stings you.
* * * LOW HITPOINT WARNING * * *
You are more poisoned.
The scorpion poisons you!
You shoot an arrow. The arrow closely misses the scorpion.
You die...

...#
#......#......#
...#.
#......#......#
....#
#......#......#
...##
#......#......#
###.#
#......#......#
...#.. #......#
...#.. #......#
...# #......#
..#... #.s@...#
.## #......#
#.# #.......#
.#.. .'.......#
.#....
...#.......# .#
...
...#.......# ##
.. . #.......#
# #####'### #


You could see a scorpion.

Vanquished Creatures
  An ogre (D:4)
  A scorpion (D:4)
  Jessica (D:2)
  Ijyb (D:3)
  Robin (D:3)
  4 adders
  2 ufetubi (D:4)
  A ribbon worm (D:2)
  A dart slug (D:2)
  9 orcs
  9 ball pythons
  5 endoplasms
  2 giant cockroaches
  8 goblins
  10 hobgoblins
  3 jackals (D:4)
  14 kobolds
  4 quokkas
  6 bats
  5 frilled lizards
  6 rats
94 creatures vanquished.

Notes
Turn   | Place    | Note
-------+----------+-------------------------------------------
     0 | D:1      | porpoise the Human Hunter began the quest for the Orb.
     0 | D:1      | Reached XP level 1. HP: 16/16 MP: 1/1
   103 | D:1      | Reached XP level 2. HP: 22/22 MP: 2/2
   265 | D:1      | Reached XP level 3. HP: 28/28 MP: 3/3
   715 | D:2      | Noticed Jessica
   717 | D:2      | Killed Jessica
   718 | D:2      | Reached skill level 5 in Ranged Weapons
   718 | D:2      | Reached XP level 4. HP: 34/34 MP: 4/4
  1440 | D:3      | Noticed Ijyb
  1461 | D:3      | Killed Ijyb
  1462 | D:3      | Reached XP level 5. HP: 18/41 MP: 5/5
  2137 | D:3      | Noticed Robin
  2147 | D:3      | Killed Robin
  2365 | D:4      | Reached skill level 6 in Ranged Weapons
  2719 | D:4      | HP: 1/41 [poisoned by a scorpion]
  2725 | D:4      | Reached XP level 6. HP: 18/48 MP: 6/6
  3059 | D:4      | Succumbed to a scorpion's poison

Illustrated notes

Levels and vault maps discovered:
D:1:      grunt_arrival_crossed_arrows, layout_basic
D:2:      layout_basic, serial_bayou, serial_bayou_ford_a, serial_bayou_pond_d,
          serial_bayou_pond_a, serial_bayou_crossing, serial_bayou_shore_b,
          dreamdust_princess_bridge, uniq_jessica
D:3:      layout_loops_ring, minmay_misc_feat_x, uniq_ijyb, uniq_robin
D:4:      nicolae_BIG_FREAKIN_CUBE, layout_gridville

Skill      XL: |  1  2  3  4  5  6 |
---------------+-------------------+-----
Ranged Weapons | 5 6 |  6.7
Fighting       | 3 4 |  4.2
Dodging        | |  2.0
Stealth        | |  1.0

Action                     |  1- 3 |  4- 6 || total
---------------------------+-------+-------++-------
   Fire: Shortbow          |    87 |   251 ||   338
    Use: Potion            |       |     4 ||     4
         Scroll            |       |     2 ||     2
 Armour: Leather armour    |    14 |    99 ||   113
  Dodge: Dodged            |    26 |    80 ||   106

Table legend: (Time is in decaauts)
 A = Elapsed time spent in this place.
 B = Non-inter-level travel time spent in this place.
 C = Inter-level travel time spent in this place.
 D = Time resting spent in this place.
 E = Time spent auto-exploring this place.
 F = Levels seen in this place.
 G = Mean time per level.
                   A        B        C        D        E       F      G
               +--------+--------+--------+--------+--------+-----+--------+
         Total |   3141 |   3045 |     96 |    625 |   1812 |   4 |  785.2 |
       Dungeon |   3141 |   3045 |     96 |    625 |   1812 |   4 |  785.2 |
               +--------+--------+--------+--------+--------+-----+--------+

Top non-repeatable levels by time:
     D:2: 861 daAuts
     D:3: 848 daAuts
     D:4: 826 daAuts
     D:1: 604 daAuts
